 Dungeon Crawl Stone Soup version 0.31-a0-496-g6f97920a28 (webtiles) character file.

Game seed: 17527508119921750251

332 LeprechaunX the Changeling (level 6, 0/61 HPs)
             Began as an Octopode Shapeshifter on Aug 8, 2023.
             Succumbed to Edmund's poison
             ... on level 4 of the Dungeon.
             The game lasted 00:03:29 (2701 turns).

LeprechaunX the Changeling (Octopode Shapeshifter)  Turns: 2701, Time: 00:03:30

Health: 0/61       AC: 23    Str: 17    XL:     6   Next: 52%
Magic:  6/6        EV:  2    Int: 10    God:
Gold:   211        SH:  0    Dex: 18    Spells: 3/5 levels left

rFire   . .          .
                       - Unarmed
rCold   . . .        (no shield)
rNeg    . . .        (helmet currently unavailable)
rPois   +            (no amulet)
rElec   .            o - ring of willpower
rCorr   .            t - +6 ring of dexterity
SInv    .            (no ring)
Will    +....        (no ring)
Stlth   ++           (no ring)
HPRegen 0.30/turn    (no ring)
MPRegen 0.10/turn    (no ring)
                     (no ring)

%: no passive effects
@: lethally poisoned (0 -> -8), tree-form
A: stationary, stasis, torment immunity, boosted hp, almost no armour,
(amphibious), 8 rings, (camouflage 1), (gelatinous body 1), (nimble swimmer 1),
(tentacles)
a: no special abilities


You were on level 4 of the Dungeon.
You were a tree.
You visited 1 branch of the dungeon, and saw 4 of its levels.

You collected 211 gold pieces.

Inventory:

Missiles
 s - 7 boomerangs (quivered)
Jewellery
 o - a ring of willpower (left branch)
 t - a +6 ring of dexterity (right branch)
Talismans
 b - a beast talisman
 c - a flux talisman
 u - a serpent talisman
Wands
 l - a wand of flame (15)
 n - a wand of mindburst (20)
Scrolls
 e - 2 scrolls of poison {unknown}
 f - 2 scrolls of amnesia {unknown}
 g - a scroll of enchant weapon {unknown}
 j - 3 scrolls of teleportation {unknown}
 k - 2 scrolls of noise {unknown}
 m - a scroll of revelation {unknown}
 p - a scroll of fog {unknown}
 q - 2 scrolls of immolation {unknown}
 r - a scroll of blinking {unknown}
 v - a scroll of torment {unknown}
Potions
 d - a potion of mutation {unknown}
 h - a potion of brilliance {unknown}
 i - 3 potions of heal wounds {unknown}
 w - 2 potions of curing {unknown}
 x - a potion of cancellation {unknown}


   Skills:
 + Level 2.8 Fighting
 + Level 3.4 Dodging
 + Level 4.1 Unarmed Combat
 * Level 4.5 Shapeshifting


You had 3 spell levels left.
You knew the following spells:

 Your Spells              Type           Power      Damage    Failure   Level
a - Blink                 Tloc           0%         N/A       50%         2

Your spell library contained the following spells:

 Spells                   Type           Power      Damage    Failure   Level
 Apportation              Tloc           0%         N/A       36%         1
 Magic Dart               Conj           0%         1d3       36%         1
 Necrotise                Necr           0%         1d4       36%         1
 Summon Small Mammal      Summ           0%         N/A       36%         1
 Call Imp                 Summ           0%         N/A       50%         2
 Mephitic Cloud           Conj/Pois/Air  0%         N/A       75%         3
 Manifold Assault         Tloc           0%         N/A       98%         4


Dungeon Overview and Level Annotations

Branches:
Dungeon (4/15)
 Temple: D:4-7

Altars:
Qazlal

Annotations:
D:2 1 runed translucent door, Crazy Yiuf


Innate Abilities, Weirdness & Mutations

You are a tree.
Your roots penetrate the ground, keeping you stationary.
You cannot be teleported.
You are immune to unholy pain and torment.
Your maximum health is greatly increased.
You cannot wear most types of armour.
((You are amphibious.))
You can wear up to eight rings at the same time.
((Your skin changes colour to match your surroundings (Stealth+).))
((Your rubbery body absorbs attacks. (AC +1, EV +1)))
((You are camouflaged when in or above water. (Stealth+)))
((You have tentacles for arms and can constrict up to eight enemies at once.))


Message History

Edmund is heavily wounded.
You feel sick.
You hit Edmund.
Edmund is heavily wounded.
You feel very sick.
Edmund hits you with a +1 dire flail of venom!
* * * LOW HITPOINT WARNING * * *
The gnoll hits you but does no damage. x3
You hit Edmund.
Edmund is heavily wounded.
You feel sick. Edmund hits you but does no damage.
The gnoll hits you but does no damage. x2; The gnoll hits you with a +0 whip.
* * * LOW HITPOINT WARNING * * *
Unknown command.
You barely miss Edmund.
Edmund is heavily wounded.
You feel sick. The gnoll hits you but does no damage.
The gnoll barely misses you. The gnoll completely misses you.
Edmund hits you but does no damage.
You smack Edmund!
Edmund is almost dead.
You feel sick.
The gnoll hits you but does no damage. x3
Edmund hits you but does no damage.
You are lethally poisoned!
You smack Edmund!
You kill Edmund!
* * * LOW HITPOINT WARNING * * *
You feel very sick. The gnoll hits you with a +0 club.
* * * LOW HITPOINT WARNING * * *
The gnoll hits you but does no damage. x2
Your Unarmed Combat skill increases to level 4!
You hit the gnoll.
The gnoll is heavily wounded.
* * * LOW HITPOINT WARNING * * *
You feel sick.
The gnoll hits you but does no damage. x3
Unknown command.
You barely miss the gnoll.
The gnoll is heavily wounded.
You die...

.....##.#.....#
.8....#.##...##
........#.###.#
###.....#...#
.#
#.......#...# #
#.......#...#
#........#.##
#.....).##..
##....♣.# ....
#...ggg.#...#..
#.......##### .
#.......#
###....#.
.....##.
......# ##
......#.


You could see 3 gnolls.

Vanquished Creatures
  Edmund (D:4)
  A hound (D:3)
  Jessica (D:3)
  An iguana (D:4)
  4 adders
  4 gnolls (D:4)
  2 worms (D:3)
  2 dart slugs (D:1)
  2 orcs (D:4)
  2 bats (D:1)
  4 endoplasms
  2 giant cockroaches (D:2)
  7 goblins
  4 hobgoblins
  5 jackals
  A quokka (D:1)
  6 ball pythons
  4 frilled lizards
  4 kobolds
  3 rats (D:3)
60 creatures vanquished.

Notes
Turn   | Place    | Note
-------+----------+-------------------------------------------
     0 | D:1      | LeprechaunX the Octopode Shapeshifter began the quest for
                  | the Orb.
     0 | D:1      | Reached XP level 1. HP: 13/13 MP: 1/1
   109 | D:1      | Reached XP level 2. HP: 13/18 MP: 2/2
   778 | D:2      | Reached XP level 3. HP: 20/23 MP: 3/3
  1533 | D:2      | Found a runed translucent door.
  1534 | D:2      | Noticed Crazy Yiuf
  1660 | D:3      | Noticed Jessica
  1669 | D:3      | Killed Jessica
  1670 | D:3      | Reached XP level 4. HP: 5/29 MP: 4/4
  1935 | D:3      | Reached XP level 5. HP: 32/34 MP: 5/5
  2098 | D:3      | Learned a level 2 spell: Blink
  2260 | D:4      | Found a stormy altar of Qazlal.
  2671 | D:4      | Noticed Edmund
  2681 | D:4      | Reached XP level 6. HP: 40/41 MP: 6/6
  2699 | D:4      | Killed Edmund
  2700 | D:4      | HP: 2/61 [poisoned by Edmund]
  2701 | D:4      | Succumbed to Edmund's poison

Illustrated notes

Levels and vault maps discovered:
D:1:      ncdulo_wetmaze, layout_basic, minmay_strange_pillars
D:2:      layout_loops_ring, kennysheep_path_1, minmay_tetromino_l2,
          uniq_crazy_yiuf_cottage
D:3:      layout_rooms, hangedman_decor_push, guppyfry_early_lair_pool,
          uniq_jessica
D:4:      nicolae_cairo_tiling, layout_cave_pools, lemuel_crystal_altar,
          serial_column_ruins, column_ruins_hut, column_ruins_hut_ruined,
          column_ruins_corridor_corner, column_ruins_grid_4,
          column_ruins_grid_1, column_ruins_corridor_plus,
          column_ruins_columns_straight, nicolae_twisty_statue_hallways,
          uniq_edmund, uniq_blork_the_orc

Skill      XL: |  1  2  3  4  5  6 |
---------------+-------------------+-----
Fighting       | 2 |  2.8
Dodging        | 3 |  3.4
Shapeshifting  | 4 |  4.5
Unarmed Combat | 4 |  4.1

Action                     |  1- 3 |  4- 6 || total
---------------------------+-------+-------++-------
  Melee: Unarmed           |    56 |    77 ||   133
         Constrict         |    16 |    16 ||    32
         Tentacles         |    14 |     9 ||    23
         Punch             |     2 |     1 ||     3
    Use: Potion            |       |     1 ||     1
   Stab: Sleeping          |    10 |     5 ||    15
 Armour: Skin              |     1 |    42 ||    43
  Dodge: Dodged            |    18 |    43 ||    61

Table legend: (Time is in decaauts)
 A = Elapsed time spent in this place.
 B = Non-inter-level travel time spent in this place.
 C = Inter-level travel time spent in this place.
 D = Time resting spent in this place.
 E = Time spent auto-exploring this place.
 F = Levels seen in this place.
 G = Mean time per level.
                   A        B        C        D        E       F      G
               +--------+--------+--------+--------+--------+-----+--------+
         Total |   2691 |   2546 |    145 |     91 |   2008 |   4 |  672.8 |
       Dungeon |   2691 |   2546 |    145 |     91 |   2008 |   4 |  672.8 |
               +--------+--------+--------+--------+--------+-----+--------+

Top non-repeatable levels by time:
     D:2: 819 daAuts
     D:1: 765 daAuts
     D:3: 616 daAuts
     D:4: 491 daAuts
